 Dungeon Crawl Stone Soup version 0.24.0-123-gd5b16e6ec5 (webtiles) character file.

Game seed: 17128400704096960264, levelgen mode: deterministic

121 FishyPogo the Charmwright (level 5, -2/43 HPs)
             Began as a Gnoll Skald on Dec 19, 2019.
             Was a Follower of Cheibriados.
             Killed from afar by an orc wizard (5 damage)
             ... with a magic dart
             ... on level 3 of the Dungeon.
             The game lasted 00:08:48 (1830 turns).

FishyPogo the Charmwright (Gnoll Skald)             Turns: 1830, Time: 00:08:49

Health: -2/43      AC:  4    Str: 16    XL:     5   Next: 5%
Magic:  2/12       EV: 15    Int: 18    God:    Cheibriados [*.....]
Gold:   59         SH:  0    Dex: 19    Spells: 3/14 levels left

rFire    . . .     SeeInvis .   a - +0 spear
rCold    . . .     Gourm    .   (no shield)
rNeg     . . .     Faith    .   b - +0 leather armour
rPois    .         Spirit   .   c - +0 helmet (curse)
rElec    .         Reflect  .   (no cloak)
rCorr    .         Harm     .   (no gloves)
MR       .....                  (no boots)
Stlth    ++........             (no amulet)
HPRegen  0.14/turn              (no ring)
MPRegen  0.13/turn              (no ring)

@: slowed, very slow
A: distributed training, fangs 1, strong nose
a: Bend Time, Renounce Religion


You were on level 3 of the Dungeon.
You worshipped Cheibriados.
Cheibriados was aware of your devotion.
You were not hungry.

You visited 1 branch of the dungeon, and saw 3 of its levels.

You collected 59 gold pieces.

Inventory:

Hand Weapons
 a - a +0 spear (weapon)
Missiles
 i - 28 stones (quivered)
Armour
 b - a +0 leather armour (worn)
 c - a cursed +0 helmet (worn)
Scrolls
 e - 2 scrolls of teleportation {unknown}
 g - 2 scrolls of fog {unknown}
 h - a scroll of amnesia {unknown}
 j - a scroll of immolation {unknown}
 k - 2 scrolls of identify {unknown}
 m - a scroll of blinking {unknown}
Potions
 f - a potion of curing {unknown}
 n - 2 potions of mutation {unknown}
 o - a potion of agility {unknown}
Comestibles
 d - 2 rations
 l - 2 chunks of flesh


   Skills:
 + Level 4.7 Fighting
 + Level 1.3 Short Blades
 + Level 1.3 Long Blades
 + Level 1.3 Axes
 + Level 1.3 Maces & Flails
 + Level 4.7 Polearms
 + Level 1.3 Staves
 + Level 1.3 Slings
 + Level 1.3 Bows
 + Level 1.3 Crossbows
 + Level 1.3 Throwing
 + Level 2.8 Armour
 + Level 4.7 Dodging
 + Level 1.3 Stealth
 + Level 1.3 Shields
 + Level 1.3 Unarmed Combat
 + Level 5.1 Spellcasting
 + Level 1.0 Conjurations
 + Level 1.0 Hexes
 + Level 5.5 Charms
 + Level 1.0 Summonings
 + Level 1.0 Necromancy
 + Level 1.0 Translocations
 + Level 1.0 Transmutations
 + Level 1.0 Fire Magic
 + Level 1.0 Ice Magic
 + Level 1.0 Air Magic
 + Level 1.0 Earth Magic
 + Level 1.0 Poison Magic
 + Level 1.4 Invocations
 + Level 1.3 Evocations


You had 3 spell levels left.
You knew the following spells:

 Your Spells              Type           Power        Failure   Level  Hunger
h - Regeneration          Chrm/Necr      ###.......   12%         3    ##.....
n - Spectral Weapon       Hex/Chrm       ###.....     12%         3    ##.....
p - Shroud of Golubria    Chrm/Tloc      ###...       6%          2    #......
u - Song of Slaying       Chrm           ###.....     2%          2    #......
y - Infusion              Chrm           ###.         1%          1    None

Your spell library contained the following spells:

 Spells                   Type           Power        Failure   Level  Hunger


Dungeon Overview and Level Annotations

Branches:
Dungeon (3/15)

Altars:
Cheibriados
Fedhas
Trog


Innate Abilities, Weirdness & Mutations

Your experience applies equally to all skills.
You have very sharp teeth.
Your uncanny sense of smell can sniff out nearby items.


Message History

You barely miss the orc wizard. The bat closely misses you.
You closely miss the orc wizard.
You bite the orc wizard, but do no damage.
The bat barely misses you. The orc wizard barely misses you.
You hit the bat but do no damage. The bat misses you.
The orc closely misses you. The orc misses you.
The orc wizard completely misses you. The bat hits you but does no damage.
The orc wizard closely misses you. The orc barely misses you.
Okay, then.
You hit the orc wizard.
The orc wizard is lightly wounded.
The orc wizard is no longer moving slowly.
The bat hits you.
* * * LOW HITPOINT WARNING * * *
The orc hits you with a +0 short sword.
* * * LOW HITPOINT WARNING * * *
The orc wizard gestures at you while chanting.
The magic dart hits you.
You die...

..o##.########
##(###..# #o ##.##
#. #..# .# ∆ ##.##
#.# #..# # #.#
##.## #.#######.#
#oo# ........#.#
##@## .........(#
#..# #..........#
∆ ##b##
#..........# #..#
#..#####<#.#
##.###..# ###.#
#..##..# #.#
#+########.##..#
#.#
...........##..###
#.#
...........÷.....#
#.#


You could see an orc wizard, an orc and a bat.

Vanquished Creatures
  A worker ant (D:3)
  3 adders (D:2)
  2 worms
  3 dart slugs
  4 leopard geckos
  3 orcs (D:3)
  5 bats (D:1)
  3 giant cockroaches
  7 goblins
  5 hobgoblins
  A jackal (D:2)
  4 kobolds
  2 frilled lizards
  8 rats
51 creatures vanquished.

Notes
Turn   | Place    | Note
-------+----------+-------------------------------------------
     0 | D:1      | FishyPogo the Gnoll Skald began the quest for the Orb.
     0 | D:1      | Reached XP level 1. HP: 20/20 MP: 6/6
    78 | D:1      | Reached XP level 2. HP: 26/26 MP: 3/7
   103 | D:1      | Learned a level 2 spell: Song of Slaying
   106 | D:1      | Learned a level 2 spell: Shroud of Golubria
   302 | D:1      | Reached XP level 3. HP: 31/31 MP: 6/9
   367 | D:1      | Reached skill level 5 in Spellcasting
   952 | D:2      | Reached skill level 1 in Invocations
   998 | D:2      | Learned a level 3 spell: Regeneration
  1002 | D:2      | Learned a level 3 spell: Spectral Weapon
  1076 | D:2      | Found a blossoming altar of Fedhas.
  1097 | D:2      | Reached skill level 1 in Short Blades
  1097 | D:2      | Reached skill level 1 in Long Blades
  1097 | D:2      | Reached skill level 1 in Axes
  1097 | D:2      | Reached skill level 1 in Maces & Flails
  1097 | D:2      | Reached skill level 1 in Staves
  1097 | D:2      | Reached skill level 1 in Slings
  1097 | D:2      | Reached skill level 1 in Bows
  1097 | D:2      | Reached skill level 1 in Crossbows
  1097 | D:2      | Reached skill level 1 in Throwing
  1097 | D:2      | Reached skill level 1 in Stealth
  1097 | D:2      | Reached skill level 1 in Shields
  1097 | D:2      | Reached skill level 1 in Unarmed Combat
  1097 | D:2      | Reached skill level 1 in Evocations
  1097 | D:2      | Reached XP level 4. HP: 38/38 MP: 6/11
  1352 | D:2      | Found a faded altar of an unknown god.
  1354 | D:2      | Became a worshipper of Cheibriados the Contemplative
  1354 | D:2      | Reached * piety under Cheibriados
  1701 | D:3      | Found a bloodstained altar of Trog.
  1739 | D:3      | Reached skill level 1 in Conjurations
  1739 | D:3      | Reached skill level 1 in Hexes
  1739 | D:3      | Reached skill level 1 in Summonings
  1739 | D:3      | Reached skill level 1 in Necromancy
  1739 | D:3      | Reached skill level 1 in Translocations
  1739 | D:3      | Reached skill level 1 in Transmutations
  1739 | D:3      | Reached skill level 1 in Fire Magic
  1739 | D:3      | Reached skill level 1 in Ice Magic
  1739 | D:3      | Reached skill level 1 in Air Magic
  1739 | D:3      | Reached skill level 1 in Earth Magic
  1739 | D:3      | Reached skill level 1 in Poison Magic
  1799 | D:3      | Reached XP level 5. HP: 32/43 MP: 0/12
  1830 | D:3      | Killed from afar by an orc wizard

Levels and vault maps discovered:
D:1:      roderic_crop_circles_arrival_small, layout_basic
D:2:      layout_loops_ring, lemuel_doored_altar,
          chequers_ecumenical_altar_twisty, st_stairs_10
D:3:      layout_basic, bloody_trog, uniq_jessica

Skill      XL: |  1  2  3  4 |
---------------+-------------+-----
Spellcasting   | 5 |  5.1
Invocations    | 1 |  1.4
Short Blades   | 1 |  1.3
Long Blades    | 1 |  1.3
Axes           | 1 |  1.3
Maces & Flails | 1 |  1.3
Staves         | 1 |  1.3
Slings         | 1 |  1.3
Bows           | 1 |  1.3
Crossbows      | 1 |  1.3
Throwing       | 1 |  1.3
Stealth        | 1 |  1.3
Shields        | 1 |  1.3
Unarmed Combat | 1 |  1.3
Evocations     | 1 |  1.3
Conjurations   | 1 |  1.0
Hexes          | 1 |  1.0
Summonings     | 1 |  1.0
Necromancy     | 1 |  1.0
Translocations | 1 |  1.0
Transmutations | 1 |  1.0
Fire Magic     | 1 |  1.0
Ice Magic      | 1 |  1.0
Air Magic      | 1 |  1.0
Earth Magic    | 1 |  1.0
Poison Magic   | 1 |  1.0
Fighting       | |  4.7
Polearms       | |  4.7
Armour         | |  2.8
Dodging        | |  4.7
Charms         | |  5.5

Action                   |  1- 3 |  4- 6 || total
-------------------------+-------+-------++-------
Melee: Spear             |   100 |    73 ||   173
       Bite              |     4 |     7 ||    11
Throw: Stone             |     1 |     6 ||     7
 Cast: Infusion          |     7 |     3 ||    10
       Shroud of Golubri |     2 |     1 ||     3
       Regeneration      |     1 |     2 ||     3
       Spectral Weapon   |     1 |     2 ||     3
       Song of Slaying   |       |     1 ||     1
Invok: Bend Time         |       |     1 ||     1
 Stab: Sleeping          |     2 |       ||     2
       Distracted        |       |     1 ||     1
  Eat: Chunk             |     1 |     2 ||     3
Armor: Leather armour    |    15 |    26 ||    41
Dodge: Dodged            |    31 |    83 ||   114
